 Dungeon Crawl Stone Soup version 0.30.0-5-g1a98f26d00 (webtiles) character file.

Game seed: 18003869868492552214

2 Jase the Covered (level 1, -10/20 HPs)
             Began as a Minotaur Fighter on May 10, 2023.
             Mangled by a goblin
             ... wielding a +1 dagger of electrocution
              (16 damage)
             ... on level 1 of the Dungeon.
             The game lasted 00:00:23 (65 turns).

Jase the Covered (Minotaur Fighter)                   Turns: 65, Time: 00:00:24

Health: -10/20     AC:  8    Str: 20    XL:     1   Next: 33%
Magic:  0/0        EV:  9    Int:  5    God:
Gold:   0          SH:  4    Dex:  9    Spells: 0/0 levels left

rFire   . . .        a - +0 flail
rCold   . . .        c - +0 buckler
rNeg    . . .        b - +0 scale mail
rPois   .            (helmet restricted)
rElec   .            e - +0 cloak
rCorr   .            (no gloves)
SInv    .            (no boots)
Will    .....        (no amulet) Stlth
                     (no ring)
HPRegen 0.23/turn    (no ring)
MPRegen 0.07/turn

%: no passive effects
@: no status effects
A: horns 2, retaliatory headbutt
a: no special abilities


You were on level 1 of the Dungeon.
You visited 1 branch of the dungeon, and saw 1 of its levels.

Inventory:

Hand Weapons
 a - a +0 flail (weapon)
Armour
 b - a +0 scale mail (worn)
 c - a +0 buckler (worn)
 e - a +0 cloak (worn)
Potions
 d - a potion of might


   Skills:
 + Level 3.7 Fighting
 + Level 2.5 Maces & Flails
 + Level 3.7 Armour
 - Level 3.6 Shields


You couldn't memorise any spells.
You didn't know any spells.
Your spell library contained the following spells:

 Spells                   Type           Power      Damage    Failure   Level
 Ensorcelled Hibernation  Hex/Ice        0%         N/A       95%         2
 Spider Form              Tmut/Pois      0%         N/A       99%         3
 Anguish                  Hex/Necr       0%         N/A       100%        4


Dungeon Overview and Level Annotations

Branches:
Dungeon (1/15)

Altars:


Innate Abilities, Weirdness & Mutations

You have a pair of horns on your head.
You reflexively headbutt those who attack you in melee.


Message History

e - a +0 cloak You start putting on your armour.
You continue putting on your +0 cloak. x4
You finish putting on your +0 cloak.
HP restored.
You see here a +1 sling of freezing.
You pick up a book of Dreams and begin reading...
You add the spells Ensorcelled Hibernation, Spider Form and Anguish to your library.
Found a stone staircase leading down.
A goblin comes into view.
It is wielding a +1 dagger of electrocution.
The goblin shouts!
You see here a scroll labelled DORECR OKIU.
An endoplasm comes into view.
You barely miss the goblin. Your headbutt misses the goblin.
The goblin barely misses you.
You barely miss the goblin. Your headbutt misses the goblin.
The goblin hits you with a +1 dagger of electrocution.
You are electrocuted!
Ouch! That really hurt!
* * * LOW HITPOINT WARNING * * *
The goblin closely misses you.
You are too injured to fight recklessly!
You are too injured to fight recklessly!
You are too injured to fight recklessly!
You are too injured to fight recklessly!
You hit the goblin. Your headbutt misses the goblin.
The goblin is moderately wounded.
You block the goblin's attack. The endoplasm closely misses you.
You furiously retaliate!
You headbutt the endoplasm!
You kill the endoplasm!
You closely miss the goblin.
The goblin is moderately wounded.
The goblin hits you but does no damage.
You barely miss the goblin. Your headbutt misses the goblin.
The goblin is moderately wounded.
You block the goblin's attack.
The goblin hits you with a +1 dagger of electrocution.
* * * LOW HITPOINT WARNING * * *
You are electrocuted!
Ouch! That really hurt!
You die...

########## #
........ #. #..>..#
# .. #.....##..
###.#.#.........
#.....g@....##.#
#.###.......##.# ###
#.###?.###.# #.. #.
#..# #.# #.# .
#..###.## #.# ##
#..##.).###.####
#..#.....##.....
#..#............
#.###..#.....##.####


You could see a goblin.

Vanquished Creatures
  2 endoplasms (D:1)
2 creatures vanquished.

Notes
Turn   | Place    | Note
-------+----------+-------------------------------------------
     0 | D:1      | Jase the Minotaur Fighter began the quest for the Orb.
     0 | D:1      | Reached XP level 1. HP: 19/19 MP: 0/0
    65 | D:1      | Mangled by a goblin

Illustrated notes

Levels and vault maps discovered:
D:1:      saegor_arrival_simple_e, layout_loops_ring, corexii_hall_statues_s,
          nicolae_concentric_dashed_squares_wild,
          chequers_serial_rivers_micro_d, minmay_misc_feat_encased

Action                     || total
---------------------------++-------
  Melee: Flail             ||     6
 Armour: Scale mail        ||     1
  Dodge: Dodged            ||     3
  Block: Buckler           ||     2
